 Dungeon Crawl Stone Soup version 0.24.0-123-gd5b16e6ec5 (webtiles) character file.

Game seed: 10341501267456227846, levelgen mode: deterministic

1761 lorenzova the Thaumaturge (level 8, -3/41 HPs)
             Began as a Deep Elf Conjurer on Dec 24, 2019.
             Was a Follower of Sif Muna.
             Shot with an arrow by a centaur (15 damage)
             ... on level 6 of the Dungeon.
             The game lasted 00:12:25 (6741 turns).

lorenzova the Thaumaturge (Deep Elf Conjurer)       Turns: 6741, Time: 00:12:26

Health: -3/41      AC:  2    Str:  5    XL:     8   Next: 79%
Magic:  17/24      EV: 13    Int: 23    God:    Sif Muna [*.....]
Gold:   304        SH:  0    Dex: 15    Spells: 16/27 levels left

rFire    . . .     SeeInvis .   k - +0 short sword
rCold    . . .     Gourm    .   (no shield)
rNeg     . . .     Faith    .   a - +0 robe
rPois    .         Spirit   .   (no helmet)
rElec    .         Reflect  .   (no cloak)
rCorr    .         Harm     .   (no gloves)
MR       .....                  (no boots)
Stlth    ++........             u - amulet of magic regeneration
HPRegen  0.13/turn              (no ring)
MPRegen  0.44/turn              (no ring)

@: no status effects
A: no striking features
a: Channel Magic, Renounce Religion


You were on level 6 of the Dungeon.
You worshipped Sif Muna.
Sif Muna was aware of your devotion.
You were very hungry.

You visited 1 branch of the dungeon, and saw 6 of its levels.

You collected 304 gold pieces.

Inventory:

Hand Weapons
 k - a +0 short sword (weapon)
Armour
 a - a +0 robe (worn)
Jewellery
 e - an uncursed amulet of guardian spirit
 i - an uncursed amulet of the acrobat
 u - an amulet of magic regeneration (around neck)
Wands
 s - a wand of digging (5)
 y - a wand of acid (11)
 z - a wand of iceblast (9)
 A - a wand of polymorph (8)
 B - a wand of flame (7)
Scrolls
 b - 3 scrolls of identify
 d - 6 scrolls of remove curse {unknown}
 g - 3 scrolls of enchant armour {unknown}
 l - 5 scrolls of blinking {unknown}
 m - 3 scrolls of teleportation {unknown}
 n - 2 scrolls of amnesia {unknown}
 q - a scroll of random uselessness {unknown}
 v - a scroll of enchant weapon {unknown}
 w - a scroll of fog {unknown}
 x - a scroll of immolation {unknown}
Potions
 f - 3 potions of flight {unknown}
 h - 3 potions of curing {unknown}
 j - a potion of resistance {unknown}
 o - a potion of heal wounds {unknown}
 p - a potion of invisibility {unknown}
 r - a potion of might {unknown}
 t - a potion of haste {unknown}
 C - a potion of degeneration {unknown}
Comestibles
 c - 10 rations


   Skills:
 - Level 2.4 Dodging
 - Level 2.4 Stealth
 * Level 10.1 Spellcasting
 * Level 9.3 Conjurations
 + Level 5.3 Hexes


You had 16 spell levels left.
You knew the following spells:

 Your Spells              Type           Power        Failure   Level  Hunger
a - Magic Dart            Conj           ####         1%          1    None
b - Searing Ray           Conj           ######       1%          2    None
c - Iskenderun's Mystic   Conj           ######..     1%          4    #......
d - Fulminant Prism       Conj/Hex       #####.....   2%          4    #......

Your spell library contained the following spells:

 Spells                   Type           Power        Failure   Level  Hunger
 Confusing Touch          Hex            #####.       1%          1    None
 Confuse                  Hex            #####...     1%          3    None
 Dazzling Spray           Conj/Hex       #####.       1%          3    None
 Blink                    Tloc           N/A          9%          2    None
 Shroud of Golubria       Chrm/Tloc      ##....       9%          2    None
 Force Lance              Conj/Tloc      ####....     9%          4    #......
 Gell's Gravitas          Tloc           ##........   17%         3    None
 Lesser Beckoning         Tloc           ##........   17%         3    None
 Teleport Other           Tloc           ##......     17%         3    None
 Metabolic Englaciation   Hex/Ice        ###.......   45%         5    ####...
 Yara's Violent Unravell  Hex/Tmut       ###.......   45%         5    ####...
 Passage of Golubria      Tloc           N/A          50%         4    #......
 Petrify                  Tmut/Erth      ##......     50%         4    #......


Dungeon Overview and Level Annotations

Branches:
Dungeon (6/15)
 Temple: D:4-7

Altars:
Hepliaklqana
Qazlal
Sif Muna


Message History

The gnoll is heavily wounded.
The gnoll hits you with a +0 flail.
* * * LOW HITPOINT WARNING * * *
Casting: Magic Dart (safe; 1% risk of failure)
Confirm with . or Enter, or press ? or * to list all spells.
Aiming: Iskenderun's Mystic Blast (safe; 1% risk of failure)
Press: ? - help, Shift-Dir - straight line, f/p - gnoll
Aim: a gnoll, wielding a +0 flail (heavily wounded)
The orb of energy hits the gnoll!
You kill the gnoll!
Sif Muna accepts your kill.
The orb of energy explodes!
C - a smoky grey potion
l - 5 scrolls labeled YSTRE ZANYXKOUB (gained 1)
Things that are here:
a +0 flail; a +0 spear A centaur comes into view.
The centaur wields a +0 shortbow.
The centaur shoots an arrow.
The arrow hits you!
You die...

#...# #...# #.[g#
#######)..#
###.........# ########
#.......#...# #......#
#.#.##......# ##.####.#
#.>.##..#c#####..####.#
#..........)..@.....#.#
#.............#..##.#.#
#..###..#####.##.##.#.#
###.......# #.##<.....#
#......#....
#.#####.####
#.##.#.##.##
#.##.......# #.##.#.#
..##.##.##.# #.##.#.#
####.##.##.# #.##.#.#
#.##.##.#


You could see a centaur.

Vanquished Creatures
  A troll (D:4)
  Sigmund (D:3)
  A phantom (D:4)
  5 ogres
  A water moccasin skeleton (D:6)
  A howler monkey (D:4)
  A crimson imp (D:6)
  A centaur skeleton (D:6)
  2 orc priests (D:5)
  2 hounds (D:5)
  2 jellies (D:5)
  An orc wizard (D:5)
  An iguana (D:6)
  Terence (D:2)
  Jessica (D:3)
  4 worker ants (D:4)
  Natasha (twice) (D:3)
  Robin (D:2)
  8 gnolls
  12 adders
  3 oozes (D:3)
  An adder skeleton (D:4)
  2 worms (D:4)
  2 dart slugs
  A leopard gecko (D:6)
  3 orcs
  5 bats
  2 giant cockroaches
  11 goblins
  7 hobgoblins
  10 jackals
  2 ball pythons
  3 frilled lizards
  6 kobolds
  A leopard gecko skeleton (D:4)
  A quokka skeleton (D:4)
  6 rats
115 creatures vanquished.

Vanquished Creatures (others)
  Natasha (D:3)
  A leopard gecko (D:3)
  A quokka (D:3)
  A rat (D:3)
  4 fulminant prisms
8 creatures vanquished.

Grand Total: 123 creatures vanquished

Notes
Turn   | Place    | Note
-------+----------+-------------------------------------------
     0 | D:1      | lorenzova the Deep Elf Conjurer began the quest for the
                  | Orb.
     0 | D:1      | Reached XP level 1. HP: 10/10 MP: 6/6
    46 | D:1      | Noticed a polar bear
    46 | D:1      | Noticed a water moccasin
    46 | D:1      | Noticed a wyvern
   170 | D:1      | Reached XP level 2. HP: 15/15 MP: 0/8
   263 | D:1      | Learned a level 2 spell: Searing Ray
   779 | D:1      | Reached skill level 4 in Spellcasting
  1169 | D:2      | Reached skill level 5 in Conjurations
  1169 | D:2      | Reached XP level 3. HP: 19/19 MP: 8/10
  1701 | D:2      | Noticed Terence
  1712 | D:2      | Killed Terence
  1712 | D:2      | Reached XP level 4. HP: 22/24 MP: 2/12
  1718 | D:2      | Learned a level 4 spell: Iskenderun's Mystic Blast
  2056 | D:2      | Found a shimmering blue altar of Sif Muna.
  2133 | D:2      | Reached skill level 5 in Spellcasting
  2201 | D:2      | Noticed Robin
  2207 | D:2      | Killed Robin
  2337 | D:2      | Reached XP level 5. HP: 28/28 MP: 7/14
  2550 | D:2      | Became a worshipper of Sif Muna the Loreminder
  2579 | D:3      | Noticed Natasha
  2581 | D:3      | Killed Natasha
  2912 | D:3      | Reached skill level 6 in Spellcasting
  2932 | D:3      | Noticed Natasha
  3002 | D:3      | Killed Natasha
  3159 | D:3      | Killed Natasha
  3213 | D:3      | Reached XP level 6. HP: 32/32 MP: 12/17
  3219 | D:3      | Learned a level 4 spell: Fulminant Prism
  3331 | D:3      | Noticed Jessica
  3336 | D:3      | Killed Jessica
  3405 | D:3      | Noticed Sigmund
  3696 | D:3      | Killed Sigmund
  3696 | D:3      | Reached skill level 7 in Spellcasting
  3696 | D:3      | Reached skill level 1 in Hexes
  3782 | D:3      | You fall into a shaft and drop 2 floors!
  3782 | D:5      | Entered Level 5 of the Dungeon
  3941 | D:3      | Found a hazy altar of Hepliaklqana.
  4113 | D:4      | Reached XP level 7. HP: 23/36 MP: 7/19
  4801 | D:4      | Found a stormy altar of Qazlal.
  4807 | D:4      | Noticed a fire elemental
  4813 | D:4      | Reached skill level 8 in Spellcasting
  4850 | D:4      | Noticed a water elemental
  4850 | D:4      | Noticed an air elemental
  5202 | D:4      | Reached * piety under Sif Muna
  5203 | D:4      | Reached XP level 8. HP: 41/41 MP: 16/22
  5261 | D:4      | Noticed a troll
  5269 | D:4      | HP: 1/41 [troll (13)]
  5270 | D:4      | Killed a troll
  5270 | D:4      | Reached skill level 9 in Spellcasting
  6244 | D:5      | Reached skill level 5 in Hexes
  6601 | D:6      | Reached skill level 10 in Spellcasting
  6741 | D:6      | Shot with an arrow by a centaur

Levels and vault maps discovered:
D:1:      onia_arrival_zoo_common, layout_loops_ring, chequers_decorated_corner,
          minivault_24
D:2:      layout_basic, lemuel_doored_altar, grunt_ministairs_5, uniq_terence,
          uniq_robin
D:3:      layout_basic, marbit_many_paths, lemuel_old_faithful, uniq_sigmund,
          uniq_jessica, uniq_natasha
D:4:      layout_layer_cave, nicolae_qazlal_style_of_elements,
          minmay_divided_ellipse
D:5:      layout_cave_pools, first_ration
D:6:      layout_loops_cross, temple_pool_b, minmay_crystal_water,
          hangedman_decor_riveting

Skill      XL: |  1  2  3  4  5  6  7  8 |
---------------+-------------------------+-----
Spellcasting   | 4 5 6 7 8 10 | 10.1
Conjurations   | 5 6 7 8 9 |  9.3
Hexes          | 2 3 5 |  5.3
Dodging        | |  2.4
Stealth        | |  2.4

Action                   |  1- 3 |  4- 6 |  7- 9 || total
-------------------------+-------+-------+-------++-------
 Cast: Magic Dart        |    83 |    82 |    91 ||   256
       Iskenderun's Myst |       |    15 |    31 ||    46
       Searing Ray       |       |     1 |       ||     1
       Fulminant Prism   |       |       |     4 ||     4
  Use: Scroll            |     1 |       |     2 ||     3
  Eat: Chunk             |     2 |     8 |     6 ||    16
       Ration            |       |       |     1 ||     1
Armor: Robe              |     2 |     1 |     1 ||     4
Dodge: Dodged            |     6 |     8 |    16 ||    30
